 Dungeon Crawl Stone Soup version 0.21-a0-414-gba8bdf1 (webtiles) character file.

259 drevant the Distorting Demonspawn (level 5, -6/42 HPs)
             Began as a Demonspawn Abyssal Knight on Nov 2, 2017.
             Was a Believer of Lugonu.
             Mangled by Menkaure (17 damage)
             ... on level 4 of the Dungeon.
             The game lasted 00:08:34 (3872 turns).

drevant the Distorting Demonspawn (DsAK)            Turns: 3872, Time: 00:08:34

Health: -6/42      AC:  8    Str: 14    XL:     5   Next: 95%
Magic:  8/8        EV: 15    Int: 16    God:    Lugonu [**....]
Gold:   172        SH:  0    Dex: 15    Spells: 4/4 levels left

rFire    + . .     SeeInvis .   a - +1 short sword (elec)
rCold    + . .     Gourm    .   (no shield)
rNeg     . . .     Faith    .   o - +0 ring mail
rPois    +         Spirit   .   j - +0 helmet
rElec    +         Reflect  .   (no cloak)
rCorr    +         Harm     .   (no gloves)
MR       .....                  (no boots)
Stlth    ++........             (no amulet)
HPRegen  0.14/turn              (no ring)
MPRegen  0.11/turn              (no ring)

@: brilliant, agile, resistant
A: talons 1, icy blue scales 1, clumsy 1, dopey 1, sense surroundings 1
a: Depart the Abyss, Bend Space, Renounce Religion


You were on level 4 of the Dungeon.
You worshipped Lugonu.
Lugonu was pleased with you.
You were not hungry.

You visited 1 branch of the dungeon, and saw 4 of its levels.
You visited the Abyss 1 time.

You collected 172 gold pieces.

Inventory:

Hand Weapons
 a - a +1 short sword of electrocution (weapon)
 b - a +0 hunting sling
 m - a +1 spear
Missiles
 i - 127 stones (quivered)
 n - 21 sling bullets
 y - 3 silver javelins
Armour
 g - a +0 leather armour
 j - a +0 helmet (worn)
 o - a +0 ring mail (worn)
 s - a +0 buckler
 v - a +0 chain mail
Scrolls
 d - a scroll of enchant armour {unknown}
 e - a scroll of immolation
 f - 5 scrolls of teleportation
 k - 3 scrolls of remove curse
 l - a scroll of fog {unknown}
 p - a scroll of magic mapping {unknown}
Potions
 h - a potion of might {unknown}
 q - a potion of haste {unknown}
 B - a potion of curing
 C - a potion of magic {unknown}
 D - a potion of heal wounds {unknown}
 E - a potion of flight {unknown}
Books
 H - a book of Necromancy

   Spells                             Type                      Level
   a - Pain                           Necromancy                   1
   b - Animate Skeleton               Necromancy                   1
   c - Vampiric Draining              Necromancy                   3
   d - Regeneration                   Charms/Necromancy            3
   e - Animate Dead                   Necromancy                   4
   f - Control Undead                 Necromancy                   4
Comestibles
 c - 4 bread rations
 A - 5 fruits
 F - a meat ration
 G - a royal jelly


   Skills:
 + Level 3.9 Fighting
 * Level 3.8 Polearms
 + Level 2.9 Armour
 - Level 1.0 Dodging
 + Level 4.2 Invocations


You had 4 spell levels left.
You didn't know any spells.

Dungeon Overview and Level Annotations

Branches:
Dungeon (4/15)
 Temple: D:4-7

Altars:
Ashenzari
Dithmenos
Gozag
Kikubaaqudgha
Zin

Annotations:
D:4 Menkaure, Sigmund


Innate Abilities, Weirdness & Mutations

You have sharp toenails.
You are partially covered in icy blue scales. (AC +2)
You are clumsy. (Dex -2)
You are dopey. (Int -2)
You passively map a small area around you.


Message History

You feel stupid.
You feel clumsy.
You feel a strange attunement to the structure of the dungeons.
Menkaure completely misses you.
You feel clever all of a sudden. Menkaure barely misses you.
It was a potion of agility.
You feel agile all of a sudden. Menkaure barely misses you.
You barely miss Menkaure. You claw Menkaure, but do no damage.
Menkaure is heavily damaged.
Menkaure misses you. Menkaure casts a spell at you.
You barely resist. You hit Menkaure. Your kick misses Menkaure.
Menkaure is severely damaged.
Menkaure barely misses you.
You barely miss Menkaure. You claw Menkaure, but do no damage.
Menkaure is heavily damaged.
Menkaure hits you!
You die...

#.#.ยง.....# *,
,#.#.......#
,#.##.)#####.# *
*,#...........# * ,
,####o.####### ,
####### #..# .. ,
#.....#, ##.##.#
#.###.# * #..#.#
#<[)@.#, ##.#.#
#.#.#M# #...# ,
,#.#.#.#.######...#
#.#.#.#..........# * *
,#.#.#.########..>####
* #.#.#.# #.###...
#.#.#.# #.#..... ,
#.#.#.# #.#.....
#.#.#.# #.......


You could see Menkaure.

Vanquished Creatures
  A howler monkey (D:4)
  An orc priest (D:3)
  2 orc wizards (D:4)
  4 adders
  2 worms
  4 dart slugs
  4 leopard geckos
  7 orcs
  8 bats
  4 giant cockroaches
  5 goblins
  11 hobgoblins
  2 jackals (D:1)
  2 quokkas (D:4)
  A ball python (D:2)
  6 frilled lizards
  9 kobolds
  A leopard gecko skeleton (D:4)
  7 rats
81 creatures vanquished.

Vanquished Creatures (others)
  A human (D:2)
1 creature vanquished.

Grand Total: 82 creatures vanquished

Notes
Turn   | Place    | Note
-------+----------+-------------------------------------------
     0 | Abyss:1  | drevant the Demonspawn Abyssal Knight began the quest for the Orb.
     0 | Abyss:1  | Reached XP level 1. HP: 18/18 MP: 2/2
    71 | Abyss:1  | Noticed a bone dragon
    77 | Abyss:1  | Noticed a small abomination
    77 | D:1      | Escaped the Abyss
   123 | D:1      | Reached skill level 1 in Dodging
   170 | D:1      | Gained mutation: You are partially covered in icy blue scales. (AC +2) [demonic ancestry]
   170 | D:1      | Reached XP level 2. HP: 24/24 MP: 4/4
   208 | D:1      | Reached * piety under Lugonu
   510 | D:1      | Reached skill level 3 in Invocations
   648 | D:1      | Reached XP level 3. HP: 23/29 MP: 5/5
  1318 | D:2      | Reached ** piety under Lugonu
  1546 | D:2      | Gained mutation: You have sharp toenails. [demonic ancestry]
  1546 | D:2      | Reached XP level 4. HP: 33/35 MP: 6/6
  1619 | D:2      | Found an ancient bone altar of Kikubaaqudgha.
  1620 | D:2      | Noticed a human
  1622 | D:2      | Killed a human
  2120 | D:3      | Found an opulent altar of Gozag.
  2201 | D:3      | Found a shadowy altar of Dithmenos.
  2425 | D:3      | Found a glowing silver altar of Zin.
  2827 | D:4      | Noticed Sigmund
  2915 | D:4      | Found a shattered altar of Ashenzari.
  2972 | D:4      | Noticed Menkaure
  3254 | D:4      | Reached XP level 5. HP: 25/42 MP: 7/7
  3452 | D:4      | Reached skill level 4 in Invocations
  3492 | D:4      | Noticed an ogre
  3867 | D:4      | Gained mutation: You are dopey. (Int -2) [potion of mutation]
  3867 | D:4      | Gained mutation: You are clumsy. (Dex -2) [potion of mutation]
  3867 | D:4      | Gained mutation: You passively map a small area around you. [potion of mutation]
  3872 | D:4      | Mangled by Menkaure

Vault maps used:
D:1:      lightli_arrival_statuegarden
D:2:      minmay_wonky_spiral, first_bread, tgw_kikubaaqudgha
D:3:      lemuel_doored_altar, nicolae_dithmenos_through_a_glass_darkly,
          lemuel_crystal_altar, kennysheep_big_empty_room
D:4:      ashenzari_conservatory_becter, uniq_pikel, uniq_sigmund, uniq_menkaure

Skill      XL: |  1  2  3  4  5 |
---------------+----------------+-----
Dodging        | 1 |  1.0
Polearms       | 2 3 |  3.8
Armour         | 2 |  2.9
Invocations    | 3 4 |  4.2
Fighting       | |  3.9

Action                   |  1- 3 |  4- 6 || total
-------------------------+-------+-------++-------
Melee: Spear             |    65 |       ||    65
       Short sword       |    39 |    81 ||   120
       Kick              |       |    20 ||    20
 Fire: Hunting sling     |    38 |    45 ||    83
Throw: Stone             |     6 |       ||     6
Invok: Depart the Abyss  |     1 |       ||     1
  Use: Scroll            |       |     5 ||     5
       Potion            |       |     6 ||     6
 Stab: Sleeping          |     1 |       ||     1
  Eat: Chunk             |     2 |     7 ||     9
Armor: Leather armour    |    11 |       ||    11
       Ring mail         |    24 |    35 ||    59
Dodge: Dodged            |    49 |    44 ||    93

Table legend:
 A = Spawn XP
 B = Non-spawn XP
 C = Spawn XP percentage of total XP
 D = Spawn monster count
 E = Non-spawn monster count
 F = Spawn count percentage of total count
 G = Total turns spent on level
                    A         B        C        D         E        F      G
               +---------+---------+-------+---------+---------+-------+---------
         Total |       0 |     371 |   0.0 |       0 |      81 |   0.0 |  3872
               +---------+---------+-------+---------+---------+-------+---------
           D:1 |       0 |      44 |   0.0 |       0 |      23 |   0.0 |   937
           D:2 |       0 |      80 |   0.0 |       0 |      25 |   0.0 |  1029
           D:3 |       0 |      90 |   0.0 |       0 |      19 |   0.0 |  1339
           D:4 |       0 |     157 |   0.0 |       0 |      14 |   0.0 |   490
               +---------+---------+-------+---------+---------+-------+---------
